 Dungeon Crawl Stone Soup version 0.22.1-1-ga44c0e5 (webtiles) character file.

105050 Stepladder the Spry (level 16, -4/133 HPs)
             Began as a Merfolk Gladiator on Sept 26, 2018.
             Was the Champion of Makhleb.
             Slain by a wolf spider (7 damage)
             ... on level 2 of the Lair of Beasts.
             The game lasted 03:21:53 (39341 turns).

Stepladder the Spry (Merfolk Gladiator)            Turns: 39341, Time: 03:21:55

Health: -4/133     AC: 14    Str: 21    XL:     16   Next: 40%
Magic:  25/25      EV: 27    Int:  9    God:    Makhleb [******]
Gold:   1598       SH:  5    Dex: 19    Spells: 15/15 levels left

rFire    . . .     SeeInvis .   z - +4 halberd
rCold    + . .     Gourm    .   (shield currently unavailable)
rNeg     . . .     Faith    .   F - +0 acid dragon scales
rPois    +         Spirit   .   c - +1 helmet
rElec    .         Reflect  +   j - +0 cloak {rC+}
rCorr    +         Harm     .   (no gloves)
MR       +....     Rnd*Rage +   K - +0 pair of boots
Stlth    ++........             H - +5 amulet of reflection
HPRegen  0.00/turn              t - +5 ring of strength
MPRegen  0.19/turn              l - ring of poison resistance

@: no status effects
A: change form in water, swift swim, stealthy swim, berserk 1, inhibited
regeneration
a: Minor Destruction, Lesser Servant of Makhleb, Major Destruction, Greater
Servant of Makhleb, Renounce Religion


You were on level 2 of the Lair of Beasts.
You worshipped Makhleb.
Makhleb was exalted by your worship.
You were not hungry.

You visited 4 branches of the dungeon, and saw 24 of its levels.
You also visited: Ice Cave.

You collected 2257 gold pieces.
You spent 659 gold pieces at shops.

Inventory:

Hand Weapons
 y - a +3 trident
 z - a +4 halberd (weapon)
 Z - a +3 halberd of flaming
Missiles
 a - 2 throwing nets
 i - 11 silver javelins
 B - 54 poisoned needles
 P - 32 tomahawks (quivered)
 S - 6 javelins of returning
 X - 2 poisoned tomahawks
Armour
 c - a +1 helmet (worn)
 j - a +0 cloak of cold resistance (worn)
 v - a +2 cloak of invisibility
 F - +0 acid dragon scales (worn)
 K - a +0 pair of boots (worn)
 R - a +0 buckler
Jewellery
 l - a ring of poison resistance (right hand)
 o - an uncursed ring of see invisible
 p - an uncursed ring of protection from cold
 t - a +5 ring of strength (left hand)
 u - the ring "Zewatt" {rPois rC- MR+ EV+1}
   (You bought it in a shop on level 1 of the Orcish Mines)

   [ring of evasion]

   It affects your evasion (+1).
   It makes you vulnerable to cold.
   It protects you from poison.
   It affects your resistance to hostile enchantments.
 H - a +5 amulet of reflection (around neck)
Wands
 m - a wand of iceblast (9)
 n - a wand of enslavement (9)
 M - a wand of digging (23)
 Q - a wand of disintegration (6)
 U - a wand of paralysis (53)
Scrolls
 d - a scroll of fog
 r - 5 scrolls of remove curse
 s - 2 scrolls of fear
 E - 9 scrolls of teleportation
 V - 2 scrolls of blinking
Potions
 b - 5 potions of flight
 x - 2 potions of brilliance
 A - 4 potions of curing
 C - 4 potions of resistance
 D - 4 potions of lignification
 I - a potion of agility
 J - 3 potions of might
 N - 2 potions of berserk rage
 T - 2 potions of haste
Miscellaneous
 e - a box of beasts
 q - a phantom mirror
Comestibles
 f - 37 rations


   Skills:
 + Level 14.0 Fighting
 - Level 16.0 Polearms
 - Level 2.0 Throwing
 - Level 10.2 Armour
 + Level 18.5 Dodging
 + Level 1.6 Stealth
 + Level 12.1 Invocations
 - Level 5.2 Evocations


You had 15 spell levels left.
You didn't know any spells.
Your spell library contained the following spells:

 Spells                   Type           Power        Failure   Level  Hunger
 Corona                   Hex            #......      45%         1    ##.....
 Freeze                   Ice            #...         45%         1    ##.....
 Ensorcelled Hibernation  Hex/Ice        #.....       58%         2    ###....
 Passwall                 Tmut/Erth      #.......     58%         2    ###....
 Swiftness                Chrm/Air       #.......     58%         2    ###....
 Throw Frost              Conj/Ice       #.....       58%         2    ###....
 Confuse                  Hex            #.......     83%         3    ####...
 Dazzling Spray           Conj/Hex       #.....       83%         3    ####...
 Ozocubu's Armour         Chrm/Ice       #.......     83%         3    ####...
 Tukima's Dance           Hex            #.......     83%         3    ####...
 Passage of Golubria      Tloc           N/A          99%         4    #####..
 Summon Ice Beast         Ice/Summ       #.......     99%         4    #####..
 Throw Icicle             Conj/Ice       #.......     99%         4    #####..
 Lee's Rapid Deconstruct  Erth           #.........   100%        5    ######.
 Darkness                 Hex            #.........   100%        6    #######
 Invisibility             Hex            #.......     100%        6    #######


Dungeon Overview and Level Annotations

Branches:
Dungeon (15/15)            Temple (0/1) D:6            Lair (6/6) D:8
  Swamp (0/4) Lair:3       Spider (1/4) Lair:2        Slime (0/5) Lair:5
    Orc (2/2) D:12            Elf (0/3) Orc:2        Vaults (0/5) D:13
 Depths (0/5) D:15

Altars:
Elyvilon
Fedhas
Makhleb
Okawaru
Ru
Sif Muna
Trog
Wu Jian
Yredelemnul

Shops:
D:4 %   D:6 =   D:10 !   Orc:1 *   Orc:2 }?(%}

Portals:
Pandemonium: Orc:2

Annotations:
D:3 1 runed door, Shimizu's ghost, amateur DsAK
D:5 1 runed door, Sigmund
D:7 3 runed doors, kalagan's ghost, novice DEEE
D:8 1 runed door, Bugsquash's ghost, novice OpTm
D:11 7 runed doors, Kay's ghost, journeyman DsAK
Lair:6 1 runed door, emiel's ghost, journeyman FeWn


Innate Abilities, Weirdness & Mutations

You revert to your normal form in water.
You are very nimble and swift while swimming.
You are very stealthy in the water. (Stealth+)
You tend to lose your temper in combat.
You do not regenerate when monsters are visible.


Message History

Your legs become a tail as you enter the water.
Your +0 pair of boots melds into your body.
Your +0 pair of boots unmelds from your body.
An entropy weaver opens the door.
You are no longer corroded.
You block the wolf spider's attack. The wolf spider completely misses you.
The wolf spider completely misses you. The wolf spider closely misses you.
The wolf spider hits you!
* * * LOW HITPOINT WARNING * * *
The wolf spider closely misses you.
There is an open door here.
You feel better.
The wolf spider hits you but does no damage.
You block the wolf spider's attack. The wolf spider hits you.
* * * LOW HITPOINT WARNING * * *
The wolf spider completely misses you. You block the wolf spider's attack.
The wolf spider bites you but does no damage.
The wolf spider hits you!
You die...

### #############
.P##########.#P..#.#.#.##
........................##
?##P...##................#
.####.##.....#.#######...#
.#.....##.....#### #..P#
..#....##....###P### #..##
..P....##....###...###..#
.......##....'.'@sa+.'..#
............#####...##..##
..........###########...P#
.##...##.^#..#....#.##..P#
..#P...#.#.#.......#.#a.##
.........^..^#..........#
.........^#^.^...a#.....##
..........#.....####.....#
........#^#.......##....##


You could see an entropy weaver and a wolf spider.

Vanquished Creatures
  A frost giant (IceCv)
  An ettin (D:15)
  4 vault guards (D:13)
  Harold (D:7)
  9 hydras
  5 centaur warriors
  A death knight (D:13)
  4 two-headed ogres
  2 tengu warriors (D:14)
  4 death yaks (Lair:6)
  7 orc high priests (Orc:2)
  A skeletal warrior (D:13)
  An unseen horror (D:15)
  A deep troll (D:15)
  An unseen horror (shapeshifter) (D:15)
  2 infernal demonspawn (Orc:2)
  A torturous demonspawn (Orc:2)
  Pikel (D:9)
  3 deep elf magi (D:14)
  7 orc knights
  A necromancer (D:12)
  2 orb spiders
  4 orc sorcerers
  A wolf spider (Spider:1)
  5 cyclopes
  16 ugly things
  An ice statue (IceCv)
  2 centaur zombies
  3 black mambas
  4 elephants (Lair:6)
  2 gargoyles
  Maurice (D:8)
  A smoke demon (Orc:2)
  5 spiny frogs
  4 molten gargoyles (D:14)
  An orange demon (Orc:2)
  A torpor snail (Lair:3)
  A rime drake (Lair:6)
  4 kobold demonologists
  A hellwing (Orc:2)
  6 komodo dragons
  An efreet (D:15)
  A tengu conjurer (D:15)
  2 ice devils (Lair:2)
  9 trolls
  5 jumping spiders (Spider:1)
  A queen bee (D:13)
  3 meliai (D:13)
  18 polar bears
  20 blink frogs
  Prince Ribbit (D:7)
  A slime creature (shapeshifter) (D:14)
  7 hippogriffs
  2 dream sheep (Lair:6)
  3 hornets (Lair:6)
  A meliai zombie (D:11)
  6 slime creatures (D:15)
  12 spriggans
  3 vampires
  A shadow (D:9)
  3 wraiths (D:13)
  2 ynoxinuls (Orc:2)
  5 wyverns
  44 yaks
  2 hungry ghosts
  4 wargs
  6 vampire mosquitoes
  4 insubstantial wisps (Lair:3)
  2 soldier ants
  14 water moccasins
  An acid dragon (D:14)
  5 porcupines
  32 orc warriors
  2 slaves (D:9)
  An eye of draining (D:12)
  5 black bears
  9 ogres
  3 sky beasts
  A black bear (shapeshifter) (D:13)
  A necrophage (D:11)
  3 phantoms
  7 ice beasts
  5 boggarts (Lair:6)
  40 wolves
  8 centaurs
  11 crocodiles
  14 bullfrogs
  5 big kobolds
  2 wyvern zombies (D:13)
  4 scorpions
  22 killer bees
  8 wights
  An electric eel (Lair:4)
  9 crimson imps
  3 howler monkeys
  A bullfrog zombie (D:13)
  A quasit (D:13)
  18 jellies
  21 orc priests
  6 hounds
  4 centaur skeletons
  21 orc wizards
  4 iguanas
  6 worker ants
  2 polar bear simulacra (D:12)
  4 yak simulacra (D:12)
  3 wolf simulacra (D:12)
  A hound skeleton (D:9)
  7 gnolls
  11 adders
  4 shadow imps
  2 oozes
  4 adder skeletons
  4 worms
  4 leopard geckos
  88 orcs
  A ball python (D:3)
  12 bats
  4 giant cockroaches
  12 goblins
  6 hobgoblins
  8 jackals
  2 quokkas (D:2)
  6 frilled lizards
  2 jackal zombies (D:5)
  28 kobolds
  5 rats
  2 river rat simulacra (D:12)
  2 butterflies (Lair:6)
  2 fungi
816 creatures vanquished.

Vanquished Creatures (collateral kills)
  2 orc sorcerers (Orc:2)
  A deep elf mage (D:15)
  An ugly thing (D:15)
  A tengu conjurer (D:14)
  2 polar bears (IceCv)
  A troll (Orc:2)
  A hornet (D:12)
  A slime creature (D:15)
  2 yaks (IceCv)
  An orc warrior (Orc:2)
  A wolf (IceCv)
  A wight (D:12)
  An orc priest (Orc:2)
  A jelly (D:12)
  3 orcs (Orc:2)
20 creatures vanquished.

Vanquished Creatures (others)
  An orc warrior (Orc:1)
  An orc priest (Orc:2)
  3 orcs
  14 fungi
  16 plants
35 creatures vanquished.

Grand Total: 871 creatures vanquished

Notes
Turn   | Place    | Note
-------+----------+-------------------------------------------
     0 | D:1      | Stepladder the Merfolk Gladiator began the quest for the
                  | Orb.
     0 | D:1      | Reached XP level 1. HP: 16/16 MP: 1/1
   205 | D:1      | Reached XP level 2. HP: 23/23 MP: 2/2
  1195 | D:2      | Reached XP level 3. HP: 28/28 MP: 3/3
  1275 | D:2      | Reached skill level 5 in Polearms
  1285 | D:2      | Found a blossoming altar of Fedhas.
  1359 | D:2      | Found a deep blue altar of Sif Muna.
  2195 | D:2      | Reached XP level 4. HP: 21/35 MP: 4/4
  2348 | D:3      | Reached skill level 5 in Dodging
  2453 | D:3      | Noticed a crocodile
  2805 | D:3      | Reached XP level 5. HP: 26/41 MP: 5/5
  3383 | D:3      | Noticed a phantom
  3766 | D:3      | Killed a phantom
  3766 | D:3      | Reached skill level 6 in Dodging
  3766 | D:3      | Reached XP level 6. HP: 41/48 MP: 6/6
  4862 | D:3      | Found a runed door.
  4865 | D:3      | Noticed Shimizu's ghost (amateur DsAK)
  4940 | D:4      | Found Puynut's Food Emporium.
  4957 | D:4      | Found a white marble altar of Elyvilon.
  5518 | D:5      | Entered Level 5 of the Dungeon
  5523 | D:5      | Noticed Sigmund
  5584 | D:5      | Noticed a water moccasin
  5619 | D:5      | Killed a water moccasin
  5619 | D:5      | Reached XP level 7. HP: 30/55 MP: 7/7
  6090 | D:5      | Reached skill level 5 in Fighting
  6132 | D:5      | Reached skill level 7 in Dodging
  6864 | D:5      | Found a runed door.
  7019 | D:5      | Reached skill level 8 in Dodging
  7227 | D:6      | Found a burning altar of Makhleb.
  7227 | D:6      | Found Gank's Jewellery Boutique.
  7243 | D:6      | Reached XP level 8. HP: 62/62 MP: 8/8
  7275 | D:6      | Became a worshipper of Makhleb the Destroyer
  7598 | D:6      | Found a sacrificial altar of Ru.
  7673 | D:6      | Found an ornate altar of the Wu Jian Council.
  7844 | D:6      | Found a staircase to the Ecumenical Temple.
  8171 | D:6      | Reached skill level 9 in Dodging
  8189 | D:6      | Reached skill level 10 in Polearms
  8689 | D:7      | Noticed Prince Ribbit
  8701 | D:7      | Reached * piety under Makhleb
  8849 | D:7      | Noticed kalagan's ghost (novice DEEE)
  8989 | D:7      | Found a runed gate.
  8989 | D:7      | Found a runed gate.
  8989 | D:7      | Found a runed gate.
  9010 | D:7      | Noticed Harold
  9507 | D:8      | Reached skill level 1 in Invocations
  9507 | D:8      | Reached XP level 9. HP: 65/71 MP: 9/9
  9531 | D:8      | Found a runed door.
  9532 | D:8      | Noticed a deep elf mage
  9532 | D:8      | Noticed Bugsquash's ghost (novice OpTm)
  9665 | D:8      | Found Pibuz's Antique Armour Shop.
  9999 | D:8      | Found a basalt altar of Yredelemnul.
 10052 | D:8      | Noticed Maurice
 10113 | D:9      | Noticed a cyclops
 10137 | D:9      | Noticed a troll
 10214 | D:9      | Reached skill level 10 in Dodging
 10224 | D:9      | Killed a troll
 10281 | D:9      | Killed a cyclops
 10861 | D:9      | Found an iron altar of Okawaru.
 11013 | D:9      | Noticed Pikel
 11061 | D:9      | Killed Pikel
 11061 | D:9      | Reached skill level 1 in Armour
 11061 | D:9      | Reached skill level 11 in Dodging
 11061 | D:9      | Reached XP level 10. HP: 39/80 MP: 13/13
 11700 | D:9      | Reached ** piety under Makhleb
 11964 | D:10     | Entered Level 10 of the Dungeon
 12272 | D:10     | HP: 4/82 [crimson imp (2)]
 13254 | D:10     | Found Pehat's Distillery.
 13299 | D:10     | Bought a potion of heal wounds for 85 gold pieces
 13299 | D:10     | Bought a potion of curing for 51 gold pieces
 13299 | D:10     | Bought a potion of agility for 68 gold pieces
 13299 | D:10     | Bought a potion of curing for 51 gold pieces
 13811 | D:11     | Found a runed door.
 14218 | D:11     | Noticed a red ugly thing
 14219 | D:11     | Noticed a purple ugly thing
 14336 | D:10     | Reached skill level 12 in Dodging
 14488 | D:11     | Found a runed door.
 14498 | D:11     | Found a runed door.
 14558 | D:11     | Found a runed door.
 14568 | D:11     | Found a runed gate.
 14568 | D:11     | Found a runed gate.
 14568 | D:11     | Found a runed gate.
 14573 | D:11     | Noticed Kay's ghost (journeyman DsAK)
 14801 | D:12     | Reached XP level 11. HP: 87/89 MP: 14/14
 15184 | D:12     | Reached *** piety under Makhleb
 15403 | D:12     | Found a staircase to the Orcish Mines.
 15763 | D:12     | Noticed a seven-headed hydra
 15825 | D:12     | Paralysed by a hornet for 3 turns
 16738 | D:12     | Reached skill level 10 in Fighting
 16958 | D:11     | Reached **** piety under Makhleb
 17652 | D:12     | Reached skill level 13 in Dodging
 17704 | D:12     | Noticed a necromancer
 17717 | D:12     | Killed a necromancer
 18260 | D:8      | Killed Maurice
 18260 | D:8      | Reached skill level 5 in Armour
 18417 | D:8      | Found a staircase to the Lair.
 18447 | Lair:1   | Entered Level 1 of the Lair of Beasts
 18488 | Lair:1   | Reached skill level 1 in Evocations
 18705 | Lair:1   | Reached XP level 12. HP: 82/96 MP: 15/15
 18828 | Lair:1   | Reached skill level 5 in Invocations
 19344 | Lair:1   | Identified a scroll of acquirement
 19647 | Lair:2   | Reached skill level 14 in Dodging
 19812 | Lair:2   | Found a hole to the Spider Nest.
 19980 | Lair:2   | Noticed a four-headed hydra
 19988 | Lair:2   | Killed a one-headed hydra
 20108 | Lair:2   | Found a frozen archway.
 20132 | IceCv    | Entered an ice cave
 20430 | IceCv    | Noticed a frost giant
 20817 | IceCv    | Killed a frost giant
 20817 | IceCv    | Reached skill level 5 in Evocations
 21040 | IceCv    | Got a faintly humming hat
 21130 | IceCv    | Reached XP level 13. HP: 102/102 MP: 18/18
 21179 | IceCv    | Reached skill level 15 in Dodging
 21251 | IceCv    | Identified the +1 hat "Zepuxt" {*Slow +Fly rN+++ MR-} (You
                  | found it in an ice cave)
 22048 | Lair:2   | Got a distressingly furry ring mail
 22060 | Lair:2   | Identified the +1 ring mail "Vaeda" {rF- rN++ Regen+} (You
                  | found it on level 2 of the Lair of Beasts)
 22769 | Lair:3   | Found a staircase to the Swamp.
 23088 | Lair:4   | You fall through a shaft!
 23320 | Lair:5   | Found a staircase to the Slime Pits.
 23342 | Lair:5   | Reached ***** piety under Makhleb
 24745 | Lair:6   | Entered Level 6 of the Lair of Beasts
 25085 | Lair:6   | Reached skill level 15 in Polearms
 25339 | Lair:6   | Reached skill level 16 in Dodging
 25436 | Lair:6   | Reached XP level 14. HP: 107/112 MP: 20/20
 25542 | Lair:6   | Found a runed door.
 25547 | Lair:6   | Noticed emiel's ghost (journeyman FeWn)
 25854 | Lair:6   | Paralysed by a hornet for 1 turns
 27554 | D:7      | Found a bloodstained altar of Trog.
 27762 | D:7      | Killed Harold
 27781 | D:7      | Killed Prince Ribbit
 29040 | D:13     | Found a gate to the Vaults.
 29197 | D:13     | Reached ****** piety under Makhleb
 29206 | D:13     | Reached skill level 17 in Dodging
 29295 | D:13     | Reached skill level 10 in Invocations
 29295 | D:13     | Reached XP level 15. HP: 121/121 MP: 22/22
 30025 | D:14     | HP: 4/121 [molten gargoyle/bolt of magma (14)]
 31099 | D:15     | Entered Level 15 of the Dungeon
 31930 | D:15     | HP: 1/123 [red ugly thing (15)]
 34862 | D:15     | Found a staircase to the Depths.
 35155 | D:13     | Reached skill level 18 in Dodging
 35188 | Orc:1    | Entered Level 1 of the Orcish Mines
 35322 | Orc:2    | Entered Level 2 of the Orcish Mines
 35452 | Orc:2    | Found a staircase to the Elven Halls.
 35629 | Orc:2    | Found Atixas Kiawe's Magic Scroll Shop.
 35931 | Orc:2    | Found Lodeibuf's Food Boutique.
 36162 | Orc:2    | Reached XP level 16. HP: 131/131 MP: 24/24
 36604 | Orc:2    | Reached skill level 10 in Armour
 36657 | Orc:2    | Found Ugetod's Gadget Shop.
 36737 | Orc:2    | Bought a scroll of enchant weapon for 105 gold pieces
 37045 | Orc:2    | Paralysed by an orc sorcerer for 3 turns
 37153 | Orc:2    | Gained mutation: You do not regenerate when monsters are
                  | visible. [a neqoxec]
 37154 | Orc:2    | Gained mutation: You tend to lose your temper in combat. [a
                  | neqoxec]
 38007 | Orc:2    | Found Biufub's Gadget Emporium.
 38007 | Orc:2    | Found Foah's Antique Weapon Shoppe.
 38007 | Orc:2    | Found a one-way gate leading to the halls of Pandemonium.
 38133 | Orc:1    | Found Aliekhemu's Assorted Antiques.
 38392 | Orc:1    | Bought a clouded marble ring for 115 gold pieces
 38392 | Orc:1    | Bought a potion of heal wounds for 115 gold pieces
 38392 | Orc:1    | Bought a potion of curing for 69 gold pieces
 38398 | Orc:2    | Identified the ring "Zewatt" {rPois rC- MR+ EV+1} (You
                  | bought it in a shop on level 1 of the Orcish Mines)
 38569 | Orc:1    | Reached skill level 1 in Stealth
 39125 | Spider:1 | Entered Level 1 of the Spider Nest
 39335 | Lair:2   | HP: 2/133 [wolf spider (12)]
 39341 | Lair:2   | Slain by a wolf spider

Skill      XL: |  1  2  3  4  5  6  7  8  9 10 11 12 13 14 15 16 |
---------------+-------------------------------------------------+-----
Polearms       | 5 6 7 9 10 11 13 14 15 16 | 16.0
Fighting       | 3 4 5 6 8 9 10 11 12 13 14 | 14.0
Dodging        | 5 6 8 9 11 12 13 14 16 17 18 | 18.5
Invocations    | 1 4 7 8 10 11 12 | 12.1
Armour         | 1 3 5 6 7 8 9 10 | 10.2
Evocations     | 1 5 |  5.2
Stealth        | 1 |  1.6
Throwing       | |  2.0

Action                   |  1- 3 |  4- 6 |  7- 9 | 10-12 | 13-15 | 16-18 || total
-------------------------+-------+-------+-------+-------+-------+-------++-------
Melee: Trident           |   133 |   191 |   463 |   220 |       |       ||  1007
       Tailslap          |       |       |     3 |    11 |     2 |       ||    16
       Glaive            |       |       |       |   263 |       |       ||   263
       Halberd           |       |       |       |   402 |  1514 |   302 ||  2218
 Fire: Hunting sling     |       |    25 |    11 |       |       |       ||    36
Throw: Throwing net      |       |     3 |     2 |     1 |     1 |       ||     7
       Tomahawk          |       |       |     4 |    18 |    19 |    18 ||    59
       Javelin           |       |       |       |     8 |       |       ||     8
Invok: Minor Destruction |       |       |       |    36 |   101 |    53 ||   190
       Lesser Servant of |       |       |       |    10 |    13 |     9 ||    32
       Major Destruction |       |       |       |     1 |     1 |       ||     2
Evoke: Wand              |       |       |     3 |     6 |       |     2 ||    11
       Box of beasts     |       |       |       |     1 |       |       ||     1
  Use: Scroll            |     2 |     4 |     7 |    21 |     7 |     6 ||    47
       Potion            |       |     4 |     2 |     1 |     5 |     3 ||    15
 Stab: Sleeping          |     1 |     1 |       |       |       |       ||     2
       Distracted        |     1 |       |       |     3 |     3 |     1 ||     8
       Held in net/web   |       |       |       |     1 |       |       ||     1
  Eat: Chunk             |     4 |     7 |    11 |    24 |    32 |     5 ||    83
       Ration            |       |     1 |     2 |     3 |     5 |     2 ||    13
Armor: Leather armour    |    31 |    25 |       |       |       |       ||    56
       Ring mail         |       |     5 |    49 |       |       |       ||    54
       Scale mail        |       |       |    37 |   212 |   245 |       ||   494
       Acid dragon scale |       |       |       |       |    26 |    52 ||    78
Dodge: Dodged            |    69 |   139 |   313 |   765 |  1293 |   357 ||  2936
Block: Other             |       |       |       |       |       |    22 ||    22
